Map: Dasan Station LE

Players

GRMorgan - Winner!

  • Race: Terran Terran

A.I. 1 (Easy)

  • Race: Terran Terran

VOD

Have the link to the VOD?

Description

Time

  • Played on: Aug. 1, 2016, 12:08 p.m.
  • Length: 10:56
Show
View Real Time Build Order
Export as new Build Order

GRMorgan Terran - Winner!

Build Orders: Reaper Expand 

Get SALT Encoding   

  12  0:01  SCV  
  13  0:13  SCV  
  14  0:18  Supply Depot  
  14  0:25  SCV  
  15  0:40  SCV  
  16  0:44  Barracks  
  16  0:52  Refinery  
  16  0:54  SCV  
  17  1:07  SCV  
  18  1:19  SCV  
  19  1:31  Orbital Command  
  19  1:37  Reaper  
  20  1:41  Supply Depot  
  20  1:59  SCV  
  20  2:00  Command Center  
  21  2:09  Barracks Reactor  
  21  2:18  SCV  
  22  2:34  SCV  
  23  2:37  Supply Depot  
  23  2:58  Marine x2, SCV  
  26  3:13  Refinery  
  26  3:14  SCV x2  
  26  3:18  Marine x2  
  30  3:27  SCV x2  
  30  3:28  Barracks  
  32  3:39  SCV x2  
  34  3:49  Marine x2  
  34  3:55  SCV x2  
  38  4:10  SCV x2  
  40  4:17  Refinery  
  40  4:21  Refinery  
  40  4:22  Barracks Tech Lab, Marine x2  
  42  4:27  Barracks  
  42  4:35  SCV x2  
  44  4:40  Marine x2  
  46  4:53  Supply Depot  
  46  4:58  Orbital Command  
  46  5:14  Marine x2  
  46  5:15  Marauder, SCV, Supply Depot  
  46  5:16  Barracks  
  51  5:26  Barracks Tech Lab  
  49  5:32  Marine x2  
  50  5:38  Supply Depot  
  50  5:40  Marauder  
  50  5:41  SCV  
  50  5:42  SCV  
  54  5:54  Marauder  
  56  6:00  Supply Depot  
  56  6:03  Barracks  
  56  6:04  SCV x2, Engineering Bay  
  58  6:06  Marine x2  
  58  6:07  Barracks Tech Lab  
  58  6:09  Marauder  
  62  6:15  Marauder  
  62  6:18  SCV x2  
  66  6:31  SCV x2  
  68  6:35  Command Center  
  68  6:36  Marine  
  68  6:37  Marine  
  68  6:38  Marauder x2  
  68  6:39  Marauder  
  76  6:44  Terran Infantry Weapons Level 1  
  76  7:04  Supply Depot  
  76  7:06  Factory  
  76  7:07  SCV x2  
  78  7:08  Marine x2  
  78  7:10  Marauder x3  
  86  7:19  Supply Depot  
  86  7:27  Supply Depot  
  86  7:34  SCV x2  
  88  7:41  Supply Depot  
  88  7:42  Barracks Tech Lab  
  88  7:44  Marine x2  
  89  7:45  Marauder x3  
  89  7:49  Supply Depot  
  96  7:57  SCV x3  
  99  8:04  Marine x2, Supply Depot  
  103  8:05  Marauder  
  103  8:08  Factory Tech Lab  
  103  8:11  Supply Depot  
  103  8:18  Supply Depot  
  103  8:20  Supply Depot  
  103  8:25  SCV x2  
  103  8:26  SCV  
  106  8:27  Supply Depot  
  106  8:29  Marine x2  
  106  8:30  Marauder x3  
  106  8:31  Marauder  
  106  8:33  Siege Tank  
  119  8:35  Supply Depot  
  119  8:36  Mag-Field Accelerator  
  119  8:38  Terran Infantry Armor Level 1  
  119  8:45  Combat Shields  
  119  8:49  Stimpack  
  119  8:52  SCV x2  
  119  8:54  Orbital Command  
  121  8:57  Marine  
  121  8:58  Marine, Supply Depot  
  121  8:59  Marauder x2  
  121  9:00  Marauder  
  121  9:01  Marauder  
  131  9:13  Supply Depot  
  126  9:35  Marine x3  
  126  9:36  Marine x3, Supply Depot  
  130  9:39  Siege Tank  
  129  9:57  SCV x3  
  132  10:00  Supply Depot  
  132  10:14  Marine x2  
  132  10:15  Marauder  
  132  10:16  Marauder x3  
  132  10:17  Siege Tank  
  132  10:19  Command Center  
Show
View Real Time Build Order
Export as new Build Order

A.I. 1 (Easy) Terran 

Build Orders:  

Get SALT Encoding   

  12  0:00  SCV  
  13  0:13  SCV  
  14  0:18  Supply Depot  
  14  0:25  SCV  
  15  0:40  SCV  
  15  0:42  Barracks  
  16  0:45  Refinery  
  16  1:09  Supply Depot  
  16  1:19  Refinery  
  16  1:29  Marine  
  16  1:30  Orbital Command  
  17  1:48  Barracks Tech Lab  
  17  1:56  SCV  
  18  2:06  Marine  
  18  2:08  SCV  
  20  2:10  Supply Depot  
  20  2:20  SCV  
  21  2:24  Marine  
  22  2:32  SCV  
  23  2:42  Marauder  
  25  2:44  SCV  
  26  2:56  SCV  
  27  3:04  Marauder  
  29  5:04  Reaper  
  29  5:05  SCV  
  29  5:06  Supply Depot  
  31  5:08  Factory  
  31  5:11  Command Center  
  31  5:27  SCV  
  29  5:31  Supply Depot  
  25  5:36  Marine  
  25  5:39  SCV  
  27  5:51  SCV  
  27  5:54  Marauder  
  27  5:55  Starport  
  30  6:16  Marauder  
  32  6:23  SCV  
  32  6:25  Refinery  
  33  6:27  SCV  
  33  6:31  Refinery  
  34  6:33  Starport Tech Lab  
  34  6:35  SCV  
  34  6:36  Marine  
  34  6:39  SCV  
  37  6:47  SCV  
  37  6:52  Raven, SCV  
  41  6:55  Marauder  
  41  6:59  SCV  
  44  7:04  SCV  
  45  7:11  SCV  
  46  7:16  Marine, SCV  
  48  7:24  SCV  
  48  7:28  SCV  
  50  7:33  Marine  
  50  7:35  Raven  
  50  7:36  SCV  
  54  7:40  SCV  
  55  7:48  SCV  
  56  7:52  Reaper, SCV  
  58  8:00  SCV  
  58  8:04  SCV  
  60  8:09  Supply Depot  
  60  8:12  SCV  
  61  8:16  SCV  
  62  8:23  Marine  
  62  8:24  SCV  
  64  8:41  Marine  
  65  9:26  Marine  
  65  9:29  Supply Depot  
  58  9:41  Hellion  
  36  9:54  SCV  
  34  10:06  SCV  
  34  10:07  Supply Depot  
  30  10:10  Barracks  
  30  10:13  Engineering Bay  
  27  10:27  Supply Depot  
Tags
 
Add a new tag
Caveats
  • Supply blocks, unpowered buildings, or Contaminate may cause inaccurate times.
  • Supply counts are checked every 10 seconds.